 Dungeon Crawl Stone Soup version 0.30-a0-465-g8901f6c8b5 (webtiles) character file.

Game seed: 7878850944082704803

58 Sabo the Covered (level 3, -2/33 HPs)
             Began as an Armataur Fighter on Dec 17, 2022.
             Was a Believer of Elyvilon.
             Frozen to death by an endoplasm (3 damage)
             ... on level 3 of the Dungeon.
             The game lasted 00:11:15 (2076 turns).

Sabo the Covered (Armataur Fighter)                 Turns: 2076, Time: 00:11:18

Health: -2/33      AC:  0    Str: 23    XL:     3   Next: 76%
Magic:  3/3        EV: 13    Int:  8    God:    Elyvilon [**....]
Gold:   162        SH:  0    Dex:  9    Spells: 2/2 levels left

rFire   . . .      SeeInvis .    (weapon currently unavailable)
rCold   . . .      Faith    .    (shield currently unavailable)
rNeg    . . .      Spirit   .    (body armour currently unavailable)
rPois   .          Reflect  .    (helmet currently unavailable)
rElec   .          Harm     .    (cloak currently unavailable)
rCorr   .          Roll     +    (gloves currently unavailable)
Will    .....                    (no barding)
Stlth   +.........               (no amulet)
HPRegen 0.25/turn                (ring currently unavailable)
MPRegen 0.08/turn                (ring currently unavailable)

@: mighty, pig-form, very quick
A: fast, no casting, small, rugged brown scales 3, (deformed body), (armoured
tail), roll, long tongue, awkward tongue
a: Renounce Religion, Purification, Heal Other


You were on level 3 of the Dungeon.
You worshipped Elyvilon.
Elyvilon was pleased with you.
You were a filthy swine.
You visited 1 branch of the dungeon, and saw 3 of its levels.

You collected 162 gold pieces.

Inventory:

Hand Weapons
 a - a +0 war axe
 j - the +8 arc blade (melded) {discharge, rElec}
   (You acquired it on level 2 of the Dungeon)

   It occasionally unleashes powerful arcs of lightning upon striking a foe.
   These may arc to other adjacent creatures (including the wielder, but dealing
   reduced damage to them) before grounding out.
   rElec:     It insulates you from electricity.
 r - a +0 sling
Missiles
 p - a throwing net (quivered)
Armour
 b - a +0 scale mail (melded)
 c - a +0 buckler (melded)
 f - the +2 barding of Disch (melded) {rF+ Int+4}
   (You acquired it on level 1 of the Dungeon)

   Int:       It affects your intelligence (+4).
   rF:        It protects you from fire.
Scrolls
 g - a scroll of fear
 h - a scroll of magic mapping
 k - a scroll of teleportation
 l - a scroll of enchant armour {unknown}
 m - a scroll of enchant weapon {unknown}
 n - a scroll of blinking {unknown}
 q - a scroll of butterflies {unknown}
Potions
 d - a potion of might
 e - a potion of curing {unknown}
 i - a potion of mutation {unknown}
 o - a potion of degeneration {unknown}


   Skills:
 + Level 3.0 Fighting
 + Level 2.3 Axes
 + Level 4.3 Armour
 + Level 0.3 Dodging
 + Level 3.6 Shields


You had 2 spell levels left.
You didn't know any spells.
Your spell library contained the following spells:

 Spells                   Type           Power      Damage    Failure   Level
 Apportation              Tloc           0%         N/A       41%         1
 Necrotise                Necr           0%         1d4       41%         1
 Summon Small Mammal      Summ           0%         N/A       41%         1


Dungeon Overview and Level Annotations

Branches:
Dungeon (3/15)

Altars:
Elyvilon


Innate Abilities, Weirdness & Mutations

You are a filthy swine.
You move quickly.
Your equipment is almost entirely melded.
You are incapable of wielding weapons or throwing items.
You cannot cast spells.
(You are completely covered in rugged brown scales. (AC +3, +7% HP))
((Armour fits poorly on your strangely shaped body.))
((You have a long armoured tail.))
You roll when moving toward enemies. (Rampage)
Your long tongue fully drains potion bottles. (2x potion effects)
Your tongue gives you trouble enunciating. (1.5x scroll delay)


Message History

The goblin is severely wounded.
The kobold barely misses you. The endoplasm barely misses you.
The goblin misses you.
You barely miss the goblin.
The goblin is severely wounded.
The goblin closely misses you. The endoplasm freezes you.
You are frozen.
The kobold barely misses you.
You completely miss the goblin.
The goblin is severely wounded.
You hit the goblin but do no damage.
The goblin is severely wounded.
The kobold hits you with a +0 dagger. The goblin hits you with a +0 dagger.
The endoplasm freezes you.
You are frozen.
* * * LOW HITPOINT WARNING * * *
You closely miss the goblin.
The goblin is severely wounded.
The kobold hits you with a +0 dagger.
* * * LOW HITPOINT WARNING * * *
The goblin closely misses you. The endoplasm freezes you.
You are frozen.
* * * LOW HITPOINT WARNING * * *
Okay, then.
You slurp down every last drop of the 2 potions of might!
You feel very mighty all of a sudden. The kobold closely misses you.
The endoplasm freezes you.
You are frozen.
Elyvilon protects you from harm! The goblin hits you with a +0 dagger.
* * * LOW HITPOINT WARNING * * *
You hit the endoplasm.
The endoplasm is almost dead.
The kobold closely misses you. The goblin hits you with a +0 dagger.
* * * LOW HITPOINT WARNING * * *
The endoplasm freezes you.
You are frozen.
You die...

...#...........
##+#.....#........... #
#........#..........
.##......#.#........#
........#.#........#
#......#.#####..).###
#!.....#.....'.......
#..KgJ.##...##...####
#...h..##............
#......##...#..#....#
#...........#..#.....
#......##...#..#.####
#.).....#.##...'..#.####
##.#.####.##...####.#...
...#. #.##...####'#...
## #. #.###...........
##.###...........


You could see an endoplasm, a goblin and a kobold.

Vanquished Creatures
  An adder (D:2)
  A dart slug (D:1)
  4 bats
  5 endoplasms
  2 giant cockroaches (D:1)
  4 goblins
  6 hobgoblins
  4 quokkas (D:1)
  5 ball pythons
  2 frilled lizards (D:1)
  3 kobolds
  5 rats
42 creatures vanquished.

Notes
Turn   | Place    | Note
-------+----------+-------------------------------------------
     0 | D:1      | Sabo the Armataur Fighter began the quest for the Orb.
     0 | D:1      | Reached XP level 1. HP: 19/19 MP: 1/1
   235 | D:1      | Reached XP level 2. HP: 26/26 MP: 2/2
   340 | D:1      | Reached skill level 4 in Armour
   696 | D:1      | Reached XP level 3. HP: 23/32 MP: 3/3
   992 | D:1      | Identified a scroll of acquirement
   994 | D:1      | Acquired the +2 barding of Disch {rF+ Int+4}
  1165 | D:2      | Acquired the +8 arc blade {discharge, rElec}
  1165 | D:2      | Found the +8 arc blade {discharge, rElec}
  1192 | D:2      | Found a faded altar of an unknown god.
  1211 | D:2      | Prayed at the altar of an unknown god.
  1211 | D:2      | Became a worshipper of Elyvilon the Healer
  1211 | D:2      | Reached * piety under Elyvilon
  1620 | D:2      | Reached ** piety under Elyvilon
  2075 | D:3      | Elyvilon protects you from harm!
  2076 | D:3      | HP: 1/33 [goblin/+0 dagger (1)]
  2076 | D:3      | Frozen to death by an endoplasm

Illustrated notes

Levels and vault maps discovered:
D:1:      matt_arrival_refuge, layout_basic, feat_on_display
D:2:      layout_loops_ring, shapermc_ecumenical_altar_pompeii
D:3:      layout_basic, minmay_stone_trees_small

Skill      XL: |  1  2  3 |
---------------+----------+-----
Armour         | 4 |  4.3
Fighting       | 3 |  3.0
Axes           | 2 |  2.3
Dodging        | |  0.3
Shields        | |  3.6

Action                   || total
-------------------------++-------
Melee: War axe           ||    76
       Tailslap          ||     8
       Rapier            ||    18
       Unarmed           ||    11
  Use: Scroll            ||     6
       Potion            ||     1
Armor: Scale mail        ||    62
Dodge: Dodged            ||    44
Block: Buckler           ||    19

Table legend: (Time is in decaauts)
 A = Elapsed time spent in this place.
 B = Non-inter-level travel time spent in this place.
 C = Inter-level travel time spent in this place.
 D = Time resting spent in this place.
 E = Time spent auto-exploring this place.
 F = Levels seen in this place.
 G = Mean time per level.
                   A        B        C        D        E       F      G
               +--------+--------+--------+--------+--------+-----+--------+
         Total |   2114 |   2114 |      0 |     78 |      0 |   3 |  704.7 |
       Dungeon |   2114 |   2114 |      0 |     78 |      0 |   3 |  704.7 |
               +--------+--------+--------+--------+--------+-----+--------+

Top non-repeatable levels by time:
     D:1: 1040 daAuts
     D:2: 880 daAuts
     D:3: 193 daAuts
